 Dungeon Crawl Stone Soup version 0.27.1-2-g3b301248ec (webtiles) character file.

Game seed: 5007091301850453645

464 jfcaron the Lightning Rod (level 7, 0/52 HPs)
             Began as a Djinni Wanderer on Sept 25, 2021.
             Was a Follower of Qazlal.
             Killed from afar by Ijyb (19 damage)
             ... with a bolt of acid
             ... on level 3 of the Dungeon.
             The game lasted 00:17:29 (3088 turns).

jfcaron the Lightning Rod (Djinni Wanderer)         Turns: 3088, Time: 00:17:30

Health: 0/52       AC:  6    Str: 12    XL:     7   Next: 29%
Gold:   303        EV: 12    Int: 14    God:    Qazlal [*.....] SH:  2 Dex: 13

rFire    + + +     SeeInvis .   p - +0 dagger (holy)
rCold    . . .     Faith    .   (no shield)
rNeg     . . .     Spirit   .   b - +2 leather armour
rPois    ∞         Reflect  .   m - +0 helmet
rElec    .         Harm     .   (no cloak)
rCorr    .         Rampage  .   (no gloves)
Will     .....                  (boots unavailable)
Stlth    +.........             (no amulet)
HPRegen  0.17/turn              c - ring of protection from fire
MPRegen  0.00/turn              s - ring of protection from cold

@: flying
A: sickness immunity, fire resistance 2, cold vulnerability 1, float, innate
caster, hp casting, extra vitality 1
a: Renounce Religion


You were on level 3 of the Dungeon.
You worshipped Qazlal.
Qazlal was aware of your devotion.
You visited 1 branch of the dungeon, and saw 4 of its levels.

You collected 303 gold pieces.

Inventory:

Hand Weapons
 a - a +5 spectral club
 l - a +1 whip of venom
 p - a +0 dagger of holy wrath (weapon)
Missiles
 e - 77 stones
 j - 16 poisoned darts
Armour
 b - a +2 leather armour (worn)
 m - a +0 helmet (worn)
 q - the +0 cloak of the Eagle {Rampage rPois rN+}
   (You found it on level 4 of the Dungeon)

   rPois:     It protects you from poison.
   rN:        It protects you from negative energy.
   Rampage:   It bestows one free step when moving towards enemies.
Jewellery
 c - a ring of protection from fire (left hand)
 k - a ring of protection from fire
 s - a ring of protection from cold (right hand)
Scrolls
 d - 5 scrolls of identify {unknown}
 g - 2 scrolls of teleportation {unknown}
 o - a scroll of magic mapping {unknown}
Potions
 f - 2 potions of brilliance {unknown}
 h - a potion of ambrosia {unknown}
 i - a potion of curing {unknown}
 n - a potion of might {unknown}
 r - a potion of degeneration {unknown}
 t - a potion of cancellation {unknown}


   Skills:
 - Level 4.0 Fighting
 - Level 1.0 Throwing
 - Level 3.0 Dodging
 - Level 1.0 Shields
 + Level 3.3 Spellcasting
 + Level 5.4 Invocations


You had 2 spell levels left.
You knew the following spells:

 Your Spells              Type           Power      Damage    Failure   Level
a - Passwall              Tmut/Erth      9%         N/A       10%         2
b - Wereblood             Tmut           11%        N/A       10%         2
c - Magic Dart            Conj           44%        1d5       7%          1
d - Ensorcelled Hibernat  Hex/Ice        22%        N/A       10%         2
e - Gell's Gravitas       Tloc           5%         N/A       21%         3

Your spell library contained the following spells:

 Spells                   Type           Power      Damage    Failure   Level


Dungeon Overview and Level Annotations

Branches:
Dungeon (4/15)
 Temple: D:4-7

Altars:
Fedhas
Hepliaklqana
Qazlal
Uskayaw
Wu Jian
Xom

Shops:
D:2 [

Annotations:
D:2 Sigmund, Sigmund
D:3 Ijyb
D:4 2 transporters, NFM's ghost, amateur HOCK


Innate Abilities, Weirdness & Mutations

You are immune to sickness and miasma.
You are immune to poison.
Your flesh is very heat resistant. (rF++)
You are vulnerable to cold. (rC-)
You float through the air rather than walking.
You learn spells naturally, not from books.
Your magical power is your life essence.
You have superior vitality. (+4 HP)


Message History

You start resting.
HP restored.
Ijyb shouts!
Aiming: Upheaval
Press: ? - help, Dir - move target, f - Ijyb
Aim: Ijyb, wielding a +0 club, wearing a +0 leather armour and carrying a wand of acid (7)
The ground shakes violently, spewing rubble!
The blast of rubble hits Ijyb!
Ijyb is heavily wounded.
You can no longer call upon nature to destroy your foes.
The magic dart hits Ijyb but does no damage.
Ijyb is heavily wounded.
The magic dart hits Ijyb.
Ijyb is heavily wounded.
The magic dart hits Ijyb.
Ijyb is heavily wounded.
The magic dart hits Ijyb.
Ijyb is heavily wounded.
You barely miss Ijyb.
Ijyb is heavily wounded.
Your +5 spectral club barely misses Ijyb.
Ijyb zaps a wand.
The bolt of acid hits you!
You are splashed with acid!
You are too injured to fight recklessly!
You aren't carrying any items that you can evoke.
Okay, then.
Okay, then.
Casting: Magic Dart (safe; 7% risk of failure)
Confirm with . or Enter, or press ? or * to list all spells.
Aiming: Ensorcelled Hibernation (safe; 10% risk of failure)
Press: ? - help, Shift-Dir - straight line, f/p - Ijyb
Aim: Ijyb, wielding a +0 club, wearing a +0 leather armour and carrying a wand of acid (6) (heavily wounded, chance to affect: 50%) Ijyb looks drowsy...
Your +0 dagger of holy wrath softly glows with a divine radiance!
p - a +0 dagger of holy wrath (weapon)
Ijyb shouts!
You hear an angry hiss.
Ijyb hits you but does no damage.
You closely miss Ijyb.
Ijyb is heavily wounded.
Ijyb zaps a wand.
The bolt of acid hits you!!
You die...

##)#..#... #.#..##'#
###########.##..... #
............######. #.
........#######.... #..
#######)#####...##.
.... #........#####
..#..########.......##
..(.....g@..#.......###
#.......###.####......#
#.##....#
#....#>..#.### #....#
####...###...### #....#
#.### ###.... ######
### ####. ##


You could see Ijyb.

Vanquished Creatures
  2 ogres (D:4)
  2 hounds (D:4)
  An orc priest (D:4)
  5 orc wizards (D:4)
  Robin (D:3)
  An adder skeleton (D:4)
  A worm (D:2)
  A dart slug (D:1)
  8 orcs
  3 endoplasms
  3 giant cockroaches (D:1)
  10 goblins
  5 hobgoblins
  4 quokkas
  A ball python (D:1)
  A bat (D:3)
  3 frilled lizards
  6 kobolds
  A quokka skeleton (D:4)
  3 rats (D:1)
  2 fungi (D:4)
64 creatures vanquished.

Notes
Turn   | Place    | Note
-------+----------+-------------------------------------------
     0 | D:1      | jfcaron the Djinni Wanderer began the quest for the Orb.
     0 | D:1      | Reached XP level 1. HP: 20/20 MP: 0/0
   357 | D:1      | Reached XP level 2. HP: 20/25 MP: 0/0
   533 | D:1      | Found a faded altar of an unknown god.
   538 | D:1      | Became a worshipper of Qazlal Stormbringer
   538 | D:1      | Reached * piety under Qazlal
   977 | D:2      | Found Silieth's Armour Boutique.
  1028 | D:2      | Reached XP level 3. HP: 25/30 MP: 0/0
  1028 | D:2      | Learned a level 1 spell: Magic Dart
  1056 | D:2      | Noticed Sigmund
  1354 | D:3      | Found a hide-covered altar of Uskayaw.
  1355 | D:3      | Noticed a +0 dagger
  1355 | D:3      | Noticed a +0 short sword
  1355 | D:3      | Noticed a +0 spear
  1355 | D:3      | Noticed a +0 short sword
  1356 | D:3      | Noticed a +0 falchion
  1356 | D:3      | Noticed a +0 dagger
  1356 | D:3      | Noticed a +0 falchion
  1357 | D:3      | Noticed a +0 spear
  1454 | D:3      | Noticed Ijyb
  1501 | D:3      | Noticed Robin
  1513 | D:3      | Killed Robin
  1514 | D:3      | Reached XP level 4. HP: 26/35 MP: 0/0
  1549 | D:3      | Reached skill level 1 in Invocations
  1588 | D:2      | Found a shimmering altar of Xom.
  1599 | D:2      | Reached ** piety under Qazlal
  1631 | D:3      | Found a shimmering altar of Xom.
  1741 | D:4      | Noticed an ogre
  1745 | D:4      | Killed an ogre
  1746 | D:4      | Reached skill level 2 in Invocations
  1746 | D:4      | Reached XP level 5. HP: 33/41 MP: 0/0
  1746 | D:4      | Learned a level 2 spell: Ensorcelled Hibernation
  1871 | D:4      | Reached skill level 3 in Invocations
  2097 | D:4      | Reached XP level 6. HP: 43/47 MP: 0/0
  2130 | D:4      | Identified the +0 cloak of the Eagle {Rampage rPois rN+}
  2135 | D:4      | Reached skill level 4 in Invocations
  2225 | D:4      | Noticed an ogre
  2245 | D:4      | Killed an ogre
  2246 | D:4      | Reached skill level 5 in Invocations
  2262 | D:4      | Reached XP level 7. HP: 47/52 MP: 0/0
  2262 | D:4      | Learned a level 3 spell: Gell's Gravitas
  2275 | D:4      | Found a blossoming altar of Fedhas.
  2320 | D:4      | Noticed NFM's ghost (amateur HOCK)
  2321 | D:4      | Found a transporter.
  2321 | D:4      | Found a transporter.
  3021 | D:4      | Found an ornate altar of the Wu Jian Council.
  3023 | D:4      | Found a hazy altar of Hepliaklqana.
  3088 | D:3      | Killed from afar by Ijyb

Illustrated notes

Levels and vault maps discovered:
D:1:      dpeg_arrival_snail, layout_basic, ebering_ecumenical_altar_hall,
          corexii_hall_statues_x
D:2:      layout_basic, serial_shops, shop_coins, basic_altar, grunt_decor_cap,
          uniq_crazy_yiuf_cottage, uniq_sigmund
D:3:      layout_rooms, evilmike_ruin_ashenzari, nicolae_uskayaw_en_pointe,
          lemuel_crystal_altar, uniq_ijyb, uniq_robin, uniq_terence
D:4:      layout_cave_pools, fedhas_altar_3, nicolae_overflow_hidden_temple,
          gammafunk_ghost_smash

Skill      XL: |  1  2  3  4  5  6 |
---------------+-------------------+-----
Dodging        | 3 |  3.0
Invocations    | 2 3 5 |  5.4
Fighting       | 4 |  4.0
Spellcasting   | 3 |  3.3
Throwing       | |  1.0
Shields        | |  1.0

Action                   |  1- 3 |  4- 6 |  7- 9 || total
-------------------------+-------+-------+-------++-------
Melee: Spear             |    41 |       |       ||    41
       Whip              |    14 |     4 |       ||    18
       Club              |       |    23 |     9 ||    32
       Dagger            |       |     1 |     1 ||     2
Throw: Stone             |    45 |       |       ||    45
       Javelin           |     2 |       |       ||     2
       Dart              |       |     3 |     1 ||     4
 Cast: Wereblood         |     3 |     1 |     1 ||     5
       Magic Dart        |    12 |    33 |    37 ||    82
       Passwall          |     2 |       |       ||     2
       Ensorcelled Hiber |       |     2 |     1 ||     3
Invok: Upheaval          |       |     2 |     1 ||     3
Armor: Leather armour    |    10 |     9 |     8 ||    27
Dodge: Dodged            |    21 |    22 |     4 ||    47
Block: Other             |       |     2 |     1 ||     3
